 Dungeon Crawl Stone Soup version 0.22.1-2-g9c5b331 (webtiles) character file.

1337 Gumbolta the Grappler (level 8, -2/74 HPs)
             Began as a Troll Monk on Dec 16, 2018.
             Was a Believer of Wu Jian.
             Shot with an arrow by a centaur (13 damage)
             ... on level 6 of the Dungeon.
             The game lasted 00:22:43 (3373 turns).

Gumbolta the Grappler (Troll Monk)                  Turns: 3373, Time: 00:22:45

Health: -2/74      AC:  5    Str: 21    XL:     8   Next: 35%
Magic:  7/7        EV: 12    Int:  9    God:    Wu Jian [**....]
Gold:   219        SH:  0    Dex: 13    Spells: 7/7 levels left

rFire    . . .     SeeInvis .     - Unarmed
rCold    . . .     Gourm    +   (no shield)
rNeg     . . .     Faith    .   a - +0 robe
rPois    .         Spirit   .   (helmet restricted)
rElec    .         Reflect  .   (no cloak)
rCorr    .         Harm     .   (gloves unavailable)
MR       .....                  (boots unavailable)
Stlth    +.........             l - amulet of the gourmand
HPRegen  0.62/turn              g - +3 ring of intelligence
MPRegen  0.10/turn              (no ring)

@: confused
A: large, unfitting armour, claws 3, fast metabolism 3, gourmand, regeneration
1, shaggy fur 1, tough skin 2
a: Wall Jump, Renounce Religion


You were on level 6 of the Dungeon.
You worshipped Wu Jian.
Wu Jian was pleased with you.
You were completely stuffed.

You visited 2 branches of the dungeon, and saw 7 of its levels.

You collected 219 gold pieces.

Inventory:

Armour
 a - a +0 robe (worn)
Jewellery
 g - a +3 ring of intelligence (left claw)
 l - an amulet of the gourmand (around neck)
 r - an uncursed ring of ice
Wands
 h - a wand of iceblast (8)
Scrolls
 f - 5 scrolls of teleportation
 k - a scroll of blinking {unknown}
 t - a scroll of enchant armour {unknown}
Potions
 c - 2 potions of resistance {unknown}
 d - 3 potions of curing
 e - 2 potions of flight {unknown}
 i - 2 potions of agility
 j - 2 potions of heal wounds {unknown}
 m - a potion of brilliance {unknown}
 n - a potion of might
 o - a potion of mutation {unknown}
 p - a potion of haste {unknown}
 q - a potion of lignification {unknown}
Comestibles
 b - 9 rations


   Skills:
 - Level 2.9 Fighting
 * Level 5.0 Dodging
 - Level 1.0 Stealth
 + Level 9.1 Unarmed Combat


You had 7 spell levels left.
You didn't know any spells.
Your spell library contained the following spells:

 Spells                   Type           Power        Failure   Level  Hunger
 Magic Dart               Conj           #...         38%         1    ##.....
 Blink                    Tloc           N/A          52%         2    ###....
 Call Imp                 Summ           #.......     52%         2    ###....
 Slow                     Hex            #.......     52%         2    ###....
 Conjure Flame            Conj/Fire      #.......     77%         3    ####...
 Mephitic Cloud           Conj/Pois/Air  #.......     77%         3    ####...


Dungeon Overview and Level Annotations

Branches:
Dungeon (6/15)             Temple (1/1) D:5

Altars:
Ashenzari
Cheibriados
Dithmenos
Elyvilon
Gozag
Makhleb
Nemelex Xobeh
Okawaru
Qazlal
Ru
Sif Muna
Trog
Uskayaw
Vehumet
Wu Jian
Xom
Yredelemnul
Zin


Innate Abilities, Weirdness & Mutations

You are too large for most types of armour.
You have claws for hands.
Your metabolism is lightning-fast.
You like to eat raw meat.
Your natural rate of healing is unusually fast.
You are covered in fur. (AC +1)
You have very tough skin. (AC +2)


Message History

It stops flaming.
The centaur hits you.
* * * LOW HITPOINT WARNING * * *
You closely miss the hound.
The hound is almost dead.
The hound misses you. The centaur closely misses you.
You mangle the hound!!
You kill the hound!
The Council accepts your kill. The centaur hits you.
* * * LOW HITPOINT WARNING * * *
You are confused.
You feel invigorated.
The centaur hits you but does no damage.
The centaur wields an uncursed shortbow of flaming.
It bursts into flame!
The centaur shoots an arrow.
The arrow hits you.
* * * LOW HITPOINT WARNING * * *
The arrow burns you.
* * * LOW HITPOINT WARNING * * *
The centaur shoots an arrow.
The arrow hits you!
You die...

#.# . #.# ..#####.#
.....(..########.#
...............#.#####
..........# ..........
#.......##.........#
#....@..........#..#
#.....(............#
#<...(c............#
#...(..........#...#
####.#...#....##...###
##(..........#.......
#................####
#..........####..#
#.#.#†..#####....#


You could see a centaur.

Vanquished Creatures
  Grinder (D:4)
  Menkaure (D:6)
  A sky beast (D:5)
  A phantom (D:6)
  A centaur (D:6)
  2 ogres
  A bullfrog (D:6)
  2 crimson imps (D:5)
  2 hounds (D:6)
  A jelly (D:3)
  2 orc wizards (D:6)
  4 worker ants (D:5)
  A killer bee zombie (D:5)
  A worker ant zombie (D:5)
  6 gnolls (D:5)
  3 adders
  An ooze (D:1)
  An adder zombie (D:5)
  2 worms
  2 leopard geckos (D:1)
  9 orcs
  3 giant cockroaches
  7 goblins
  9 hobgoblins
  2 jackals (D:3)
  A quokka (D:2)
  4 ball pythons
  10 bats
  6 frilled lizards
  6 kobolds
  A leopard gecko skeleton (D:2)
  A leopard gecko zombie (D:5)
  4 rats
99 creatures vanquished.

Notes
Turn   | Place    | Note
-------+----------+-------------------------------------------
     0 | D:1      | Gumbolta the Troll Monk began the quest for the Orb.
     0 | D:1      | Reached XP level 1. HP: 22/22 MP: 0/0
    94 | D:1      | Reached XP level 2. HP: 29/29 MP: 1/1
   571 | D:1      | Reached XP level 3. HP: 34/36 MP: 2/2
   855 | D:2      | Reached skill level 4 in Unarmed Combat
  1075 | D:2      | You fall through a shaft!
  1432 | D:3      | Reached XP level 4. HP: 35/44 MP: 3/3
  1884 | D:4      | Noticed Grinder
  1903 | D:4      | Killed Grinder
  1903 | D:4      | Reached skill level 6 in Unarmed Combat
  1903 | D:4      | Reached XP level 5. HP: 30/52 MP: 4/4
  1903 | D:4      | Reached XP level 6. HP: 34/59 MP: 5/5
  2332 | D:4      | Found a snail-covered altar of Cheibriados.
  2449 | D:4      | Found a shadowy altar of Dithmenos.
  2491 | D:5      | Entered Level 5 of the Dungeon
  2492 | D:5      | Found a staircase to the Ecumenical Temple.
  2540 | Temple   | Entered the Ecumenical Temple
  2573 | Temple   | Became a worshipper of the Wu Jian Council
  2573 | Temple   | Reached * piety under Wu Jian
  2573 | Temple   | Reached ** piety under Wu Jian
  2694 | D:5      | Found a sparkling altar of Nemelex Xobeh.
  2784 | D:5      | Reached skill level 7 in Unarmed Combat
  2793 | D:5      | Reached XP level 7. HP: 56/66 MP: 6/6
  3109 | D:6      | Reached skill level 8 in Unarmed Combat
  3115 | D:6      | Noticed Menkaure
  3124 | D:6      | Killed Menkaure
  3237 | D:6      | Reached XP level 8. HP: 74/74 MP: 7/7
  3366 | D:6      | Reached skill level 5 in Dodging
  3366 | D:6      | Reached skill level 9 in Unarmed Combat
  3373 | D:6      | Shot with an arrow by a centaur

Skill      XL: |  1  2  3  4  5  6  7  8 |
---------------+-------------------------+-----
Unarmed Combat | 4 6 7 8 9 |  9.1
Dodging        | 3 4 5 |  5.0
Fighting       | |  2.9
Stealth        | |  1.0

Action                   |  1- 3 |  4- 6 |  7- 9 || total
-------------------------+-------+-------+-------++-------
Melee: Unarmed           |   114 |    79 |    85 ||   278
       Punch             |       |     2 |     6 ||     8
Invok: Lunge             |       |     3 |     1 ||     4
       Wall Jump         |       |     3 |       ||     3
       Whirlwind         |       |     1 |     4 ||     5
 Abil: Wall Jump         |       |       |     7 ||     7
  Use: Scroll            |     5 |       |     1 ||     6
       Potion            |       |       |     6 ||     6
 Stab: Sleeping          |     5 |       |       ||     5
  Eat: Chunk             |     7 |    20 |     6 ||    33
       Ration            |     1 |       |       ||     1
Armor: Robe              |    39 |    15 |    19 ||    73
Dodge: Dodged            |    58 |    51 |    53 ||   162
